 Dungeon Crawl Stone Soup version 0.22-a0-866-geee50340df (webtiles) character file.

328832 markus1189 the Slayer (level 20, -2/141 HPs)
             Began as a Minotaur Berserker on July 26, 2018.
             Was the Champion of Trog.
             Killed from afar by a hellephant (57 damage)
             ... with a blast of flame
             ... on level 2 of the Abyss on July 28, 2018.
             The game lasted 02:55:30 (56938 turns).

markus1189 the Slayer (Minotaur Berserker)         Turns: 56938, Time: 02:55:31

Health: -2/141     AC: 28    Str: 30    XL:     20   Next: 81%
Magic:  27/27      EV: 19    Int:  5    God:    Trog [******]
Gold:   4538       SH:  0    Dex: 12    Spells: 19/19 levels left

rFire    . . .     SeeInvis +   a - +8 glaive of the Guard {elec, +Rage AC+5 SInv}
rCold    . . .     Gourm    +   (shield currently unavailable)
rNeg     + + +     Faith    .   T - +5 ring mail "Rim Wog" {rPois rN+ MR+ Slay+3}
rPois    +         Spirit   .   (helmet restricted)
rElec    +         Reflect  .   (no cloak)
rCorr    .         Harm     .   h - +0 pair of gloves
MR       +++..     Rnd*Rage +   Y - +2 pair of boots of Narcissism {rElec rN++ MR-}
Stlth    +.........             G - amulet of the gourmand
HPRegen  0.00/turn              z - ring of poison resistance
MPRegen  0.20/turn              H - ring of protection from magic

@: berserk cooldown, slowed, very slow
A: retaliatory headbutt, horns 2, yellow scales 1, [berserk 3], [frail 3], magic
resistance 1, [inhibited regeneration], strong 1, [subdued magic 2], sturdy
frame 1
}: 2/15 runes: serpentine, barnacled
a: Berserk, Trog's Hand, Brothers in Arms, Renounce Religion, Evoke Berserk Rage


You were on level 2 of the Abyss.
You worshipped Trog.
Trog was exalted by your worship.
You were not hungry.

You visited 7 branches of the dungeon, and saw 36 of its levels.
You visited the Abyss 1 time.
You also visited: Labyrinth.

You collected 4551 gold pieces.
You spent 13 gold pieces at shops.

Inventory:

Hand Weapons
 a - the +8 glaive of the Guard (weapon) {elec, +Rage AC+5 SInv}
   (You took it off a merfolk aquamancer on level 1 of the Shoals)

   Occasionally, upon striking a foe, it will discharge some electrical energy
   and cause terrible harm.
   It affects your AC (+5).
   It lets you see invisible.
   It lets you go berserk.
 b - the +1 spear of the Yoke {pain, +Rage rF+}
   (You found it on level 11 of the Dungeon)

   In the hands of one skilled in necromantic magic, it inflicts extra damage on
   living creatures.
   It protects you from fire.
   It lets you go berserk.
 n - the +10 dagger "Concordance" {vamp, +Blink rPois MR-}
   (You found it on level 4 of the Dungeon)

   It inflicts no extra harm, but heals its wielder when it wounds a living foe.
   It protects you from poison.
   It affects your resistance to hostile enchantments.
   It lets you blink.
Armour
 h - a +0 pair of gloves (worn)
 p - the +2 plate armour of Creativity {rCorr}
   (You took it off a minotaur in a labyrinth)

   It provides partial protection from all sources of acid and corrosion.
 T - the +5 ring mail "Rim Wog" (worn) {rPois rN+ MR+ Slay+3}
   (You took it off an orc knight on level 4 of the Vaults)

   It affects your accuracy and damage with ranged weapons and melee attacks
   (+3).
   It protects you from poison.
   It protects you from negative energy.
   It affects your resistance to hostile enchantments.
 Y - the +2 pair of boots of Narcissism (worn) {rElec rN++ MR-}
   (You found it on level 4 of the Shoals)

   It insulates you from electricity.
   It greatly protects you from negative energy.
   It affects your resistance to hostile enchantments.
Jewellery
 i - a +1 ring of evasion
 o - an uncursed ring of protection from fire
 q - a +3 ring of strength
 t - an uncursed ring of protection from fire
 z - a ring of poison resistance (left hand)
 G - an amulet of the gourmand (around neck)
 H - a ring of protection from magic (right hand)
 P - the amulet of Naleigat {+Rage Int+10}
   (You found it on level 1 of the Elven Halls)

   [amulet of rage]

   It affects your intelligence (+10).
   It lets you go berserk.
 Q - a +3 ring of strength
 R - a +4 ring of intelligence
Wands
 d - a wand of disintegration (13)
 u - a wand of paralysis (30)
 y - a wand of polymorph (15)
 A - a wand of acid (11)
 C - a wand of flame (103)
 J - a wand of iceblast (29)
 V - a wand of digging (24)
Scrolls
 e - a scroll of blinking
 f - 12 scrolls of enchant armour
 g - 11 scrolls of teleportation
 j - 18 scrolls of identify
 k - 21 scrolls of remove curse
 l - 2 scrolls of fog
 m - 5 scrolls of magic mapping
 v - 2 scrolls of holy word
 F - a scroll of summoning
 K - 2 scrolls of silence
 O - 11 scrolls of enchant weapon
 U - 3 scrolls of fear
 Z - a scroll of brand weapon
Potions
 r - a potion of ambrosia
 s - 4 potions of agility
 w - a potion of haste
 x - a potion of flight
 B - 2 potions of cancellation
 D - a potion of heal wounds
 E - a potion of magic
 I - 4 potions of brilliance
 L - 4 potions of might
 M - 4 potions of invisibility
 N - 8 potions of curing
 S - 2 potions of resistance
 W - 3 potions of berserk rage
Comestibles
 c - 55 rations


   Skills:
 + Level 22.6 Fighting
 - Level 21.0 Polearms
 + Level 22.4 Armour
 + Level 14.2 Dodging
 * Level 11.0 Evocations


You had 19 spell levels left.
You didn't know any spells.
Your spell library was empty.

Dungeon Overview and Level Annotations

Branches:
Dungeon (15/15)            Temple (0/1) D:7            Lair (6/6) D:10
 Shoals (4/4) Lair:4        Snake (4/4) Lair:4          Orc (2/2) D:9
    Elf (1/3) Orc:2        Vaults (4/5) D:14          Crypt (0/3) Vaults:3
 Depths (0/5) D:15
  Slime: Lair:5-6

Altars:
Cheibriados
Dithmenos
Kikubaaqudgha
Okawaru
Qazlal
Ru
Trog
Uskayaw

Shops:
D:6 %   D:15 [   Orc:2 (((*[   Shoals:2 =   Vaults:1 ?   Vaults:4 %

Portals:
Trove: Vaults:4 (give 7 potions of agility)

Annotations:
D:11 1 runed door
Lair:3 Snorg
Lair:5 exclusion: oklob plant
Shoals:1 exclusion: Roxanne, Roxanne
Shoals:2 3 runed doors, Vocolai's ghost, journeyman DrCj
Shoals:3 3 runed doors, Qigyucag's ghost, adept MiBe; Yshroh's ghost, journeyman HaHu; jehirs's ghost, journeyman MfSu


Innate Abilities, Weirdness & Mutations

You reflexively headbutt those who attack you in melee.
You have a pair of horns on your head.
You are partially covered in yellow scales. (AC +2)
You are resistant to hostile enchantments. (MR+)
Your muscles are strong. (Str +2)
Your movements are slightly less encumbered by armour. (ER -2)
[You have an uncontrollable temper.]
[You are extremely frail. (-30% HP)]
[You do not regenerate when monsters are visible.]
[Your spells are easier to cast, but less powerful.]


Message History

The hellephant trumpets!
You feel a strong urge to attack something.
You feel your anger nearly subside.
The hellephant blinks!
You are no longer berserk.
You are exhausted.
You feel yourself slow down.
The hellephant blinks!
Found a halberd.
The hellephant blinks!
The hellephant blinks!
As you read the scroll of identify, it crumbles to dust.
P - the amulet of Naleigat {+Rage Int+10} The hellephant breathes flames at you.
The blast of flame hits you!
* * * LOW HITPOINT WARNING * * *
You feel much better.
The hellephant blinks!
The hellephant breathes flames at you. The blast of flame hits you!
You die...

## #######.#
#.#..#.#
#@#....#
#..#..#...#
#....Y#.#
#.##.##.#
##...## # #
#...##.##.##...
#.#..##.# ..# .
# ##..Y## ...#
#.###..#.. .


You could see a hellephant.

Vanquished Creatures
  Vashnia (Snake:2)
  A bone dragon (Vaults:3)
  Jorgrun (Snake:3)
  Rupert (Lair:5)
  3 liches
  A kraken (Shoals:4)
  2 sphinxes
  Kirke (Snake:4)
  A shadow dragon (Vaults:2)
  Donald (Shoals:3)
  4 tengu reavers
  Agnes (Snake:2)
  Ilsuiw (Shoals:4)
  A fire giant (Vaults:2)
  5 vault wardens
  7 nagarajas (Snake:4)
  Aizul (Snake:2)
  16 ironheart preservers
  6 very ugly things
  3 stone giants
  4 deep elf demonologists (Vaults:3)
  Azrael (Snake:1)
  2 deep elf annihilators
  A minotaur (Lab)
  3 fire dragons
  A crystal guardian (Vaults:3)
  A deep elf death mage (Vaults:3)
  5 merfolk javelineers
  An ettin (Vaults:4)
  5 merfolk impalers
  4 great orbs of eyes
  3 ice dragons
  Erolcha (Orc:1)
  11 naga warriors
  2 rakshasas
  11 yaktaur captains
  3 vault guards
  4 hydras
  8 merfolk aquamancers
  6 merfolk avatars
  6 centaur warriors
  5 anacondas
  3 alligator snapping turtles
  2 dancing weapons (Elf:1)
  9 ogre magi
  2 satyrs (Shoals:2)
  28 two-headed ogres
  7 death yaks
  2 tengu warriors
  4 deep troll earth magi
  2 deep troll shamans
  18 naga sharpshooters
  The ghost of Fandomethor the Fighter, a novice GrFi of Okawaru (D:11)
  5 shock serpents
  9 deep elf knights
  A wretched star (Abyss:2)
  A shadow wraith (Vaults:3)
  8 skeletal warriors
  A salamander mystic (Snake:4)
  A glowing orange brain (Vaults:1)
  16 sea snakes
  10 deep trolls
  11 ironbrand convokers
  5 unseen horrors
  2 naga ritualists (Snake:4)
  A wizard (Vaults:3)
  A lindwurm (shapeshifter) (Vaults:1)
  Pikel (D:5)
  7 deep elf archers
  2 phantasmal warriors
  2 harpies (shapeshifter)
  24 deep elf magi
  6 necromancers
  A wolf spider zombie (D:15)
  11 harpies
  19 orc knights
  5 mana vipers
  A mana viper (shapeshifter) (Vaults:4)
  5 manticores
  5 wolf spiders
  20 ugly things
  9 cyclopes
  11 fauns
  5 orc sorcerers
  Joseph (D:7)
  8 salamanders
  23 naga magi
  21 elephants
  Maurice (Orc:2)
  9 merfolk sirens
  2 human skeletons
  9 vault sentinels
  3 water nymphs
  16 black mambas
  2 guardian serpents
  13 spiny frogs
  A yaktaur (shapeshifter) (Vaults:2)
  2 komodo dragons (shapeshifter)
  4 komodo dragons
  42 yaktaurs
  A rime drake (Lair:3)
  3 freezing wraiths
  A yaktaur skeleton (Vaults:1)
  A guardian mummy (Vaults:4)
  An efreet (D:15)
  A troll (D:15)
  A queen bee (D:11)
  4 polar bears
  A queen bee (shapeshifter) (Elf:1)
  A jumping spider (shapeshifter) (Vaults:4)
  29 merfolk
  Grinder (D:5)
  A harpy skeleton (D:15)
  12 blink frogs
  3 wind drakes
  A wolf spider simulacrum (D:11)
  21 dream sheep
  11 slime creatures
  8 hornets
  8 snapping turtles
  9 hippogriffs
  Sigmund (D:3)
  16 water elementals
  2 wraiths
  5 hogs (Snake:4)
  3 vampires
  An ice dragon skeleton (Vaults:1)
  13 spriggans (Lair:6)
  5 wyverns
  A shadow (D:12)
  19 yaks
  8 basilisks
  7 hungry ghosts
  Edmund (D:5)
  12 wargs
  40 nagas
  A soldier ant (shapeshifter) (Vaults:1)
  2 water moccasins (shapeshifter)
  An acid dragon (D:15)
  5 hell hounds
  4 porcupines
  17 water moccasins
  51 orc warriors
  4 sky beasts
  A slave (D:5)
  4 black bears (Lair:6)
  5 ice beasts
  5 eyes of draining
  3 phantoms
  A necrophage (D:9)
  14 boggarts
  21 wolves
  An elf zombie (Vaults:4)
  29 ogres
  32 centaurs
  9 crocodiles
  A human zombie (Vaults:1)
  A big kobold (D:7)
  14 bullfrogs
  A glowing shapeshifter simulacrum (Vaults:2)
  A wyvern zombie (D:11)
  6 scorpions
  32 killer bees
  An elf simulacrum (Vaults:4)
  11 wights
  A howler monkey (D:12)
  5 electric eels
  10 crimson imps
  A centaur zombie (D:12)
  A bullfrog zombie (D:11)
  2 jellies
  6 lava snakes (Snake:1)
  2 quasits
  8 hounds
  25 orc wizards
  12 orc priests
  4 centaur skeletons
  2 bullfrog skeletons
  4 iguanas
  3 yak simulacra (Lair:6)
  4 polar bear simulacra (Lair:6)
  14 worker ants
  3 wolf simulacra (Lair:6)
  A hound zombie (D:7)
  2 hound skeletons (D:6)
  2 howler monkey zombies
  A worker ant zombie (D:8)
  15 adders
  4 shadow imps
  An ufetubus (Abyss:2)
  4 oozes
  An adder zombie (D:7)
  5 worms
  8 leopard geckos
  99 orcs
  6 ball pythons
  7 bats
  7 giant cockroaches
  9 goblins
  11 hobgoblins
  9 jackals
  A quokka (D:5)
  2 frilled lizards
  10 kobolds
  3 leopard gecko skeletons
  2 leopard gecko zombies
  A quokka skeleton (D:4)
  2 quokka zombies (D:7)
  3 rats
  A river rat simulacrum (Lair:6)
  2 fungi
  A lurking horror (Abyss:2)
  3 plants
  4 tentacles (Shoals:4)
1452 creatures vanquished.

Vanquished Creatures (others)
  An unseen horror (D:12)
  A human (Snake:4)
  An orc wizard (D:9)
  A quokka (D:5)
  A bush (Lair:6)
  14 fungi
  11 plants
  4 tentacles (Shoals:4)
  4 withered plants (Shoals:3)
38 creatures vanquished.

Grand Total: 1490 creatures vanquished

Notes
Turn   | Place    | Note
-------+----------+-------------------------------------------
     0 | D:1      | markus1189 the Minotaur Berserker began the quest for the Orb.
     0 | D:1      | Reached XP level 1. HP: 19/19 MP: 0/0
   233 | D:1      | Reached XP level 2. HP: 27/27 MP: 1/1
   743 | D:2      | Reached XP level 3. HP: 33/33 MP: 2/2
   836 | D:2      | Reached ** piety under Trog
   844 | D:2      | Gained mutation: Your movements are slightly less encumbered by armour. (ER -2) [potion of mutation]
   844 | D:2      | Gained mutation: You are partially covered in yellow scales. (AC +2) [potion of mutation]
   844 | D:2      | Gained mutation: You are resistant to hostile enchantments. (MR+) [potion of mutation]
   844 | D:2      | Gained mutation: Your muscles are strong. (Str +2) [potion of mutation]
  1371 | D:2      | Found a shadowy altar of Dithmenos.
  1724 | D:3      | Reached XP level 4. HP: 40/40 MP: 3/3
  1847 | D:3      | Noticed Sigmund
  1885 | D:3      | Killed Sigmund
  1885 | D:3      | Reached skill level 5 in Polearms
  1885 | D:3      | Reached XP level 5. HP: 43/47 MP: 4/4
  1885 | D:3      | Reached XP level 6. HP: 50/55 MP: 5/5
  1944 | D:3      | Reached skill level 5 in Fighting
  2004 | D:3      | Found a stormy altar of Qazlal.
  2198 | D:4      | Got a fine dagger
  2300 | D:4      | Reached *** piety under Trog
  3241 | D:5      | Entered Level 5 of the Dungeon
  3264 | D:5      | Reached XP level 7. HP: 61/61 MP: 6/6
  3287 | D:5      | Reached skill level 5 in Armour
  3768 | D:5      | Noticed Grinder
  3786 | D:5      | Killed Grinder
  3786 | D:5      | Reached skill level 5 in Dodging
  3954 | D:5      | Noticed Pikel
  3999 | D:5      | Killed Pikel
  3999 | D:5      | Reached XP level 8. HP: 57/71 MP: 7/7
  4124 | D:5      | Found a sacrificial altar of Ru.
  4308 | D:5      | Noticed Edmund
  4322 | D:5      | Killed Edmund
  4771 | D:6      | Found Eju Ymoc's Food Boutique.
  4778 | D:6      | Reached **** piety under Trog
  4796 | D:6      | Noticed a two-headed ogre
  4810 | D:6      | Killed a two-headed ogre
  4810 | D:6      | Reached skill level 10 in Polearms
  4810 | D:6      | Reached XP level 9. HP: 80/80 MP: 8/8
  5023 | D:6      | Found a bloodstained altar of Trog.
  5377 | D:7      | Found an ancient bone altar of Kikubaaqudgha.
  5568 | D:7      | Reached XP level 10. HP: 86/90 MP: 9/9
  5596 | D:7      | Noticed Joseph
  5624 | D:7      | Killed Joseph
  5640 | D:7      | Received a gift from Trog
  5666 | D:7      | Found a staircase to the Ecumenical Temple.
  6199 | D:8      | Noticed a two-headed ogre
  6205 | D:8      | Killed a two-headed ogre
  6383 | D:8      | Reached ***** piety under Trog
  7096 | D:9      | Found a hide-covered altar of Uskayaw.
  7099 | D:9      | Found an iron altar of Okawaru.
  7168 | D:9      | Found a staircase to the Orcish Mines.
  7741 | D:10     | Entered Level 10 of the Dungeon
  7829 | D:10     | Noticed a death yak
  7832 | D:10     | Found a staircase to the Lair.
  7852 | D:10     | Killed a death yak
  7852 | D:10     | Reached XP level 11. HP: 99/99 MP: 10/10
  7880 | D:10     | Noticed a death yak
  7914 | D:10     | Killed a death yak
  7914 | D:10     | Reached skill level 10 in Fighting
  8145 | D:10     | Noticed a death yak
  8145 | D:10     | Noticed a death yak
  8146 | D:10     | Noticed a death yak
  8159 | D:10     | Killed a death yak
  8164 | D:10     | Killed a death yak
  8164 | D:10     | Reached skill level 10 in Armour
  8165 | D:10     | Noticed a death yak
  8165 | D:10     | Noticed a death yak
  8314 | D:9      | Killed a death yak
  8486 | D:9      | Killed a death yak
  8744 | D:10     | Killed a death yak
  8861 | D:10     | Noticed a two-headed ogre
  8868 | D:10     | Killed a two-headed ogre
  9127 | D:11     | Found a runed door.
  9184 | D:11     | Received a gift from Trog
  9231 | D:11     | HP: 2/102 [barbs]
  9642 | D:11     | Noticed a tengu reaver
  9643 | D:11     | Found a runed door.
 10025 | D:11     | Reached XP level 12. HP: 79/111 MP: 6/11
 10376 | D:11     | Noticed Fandomethor's ghost (novice GrFi)
 10377 | D:11     | Noticed a lich
 10451 | D:11     | Noticed a five-headed hydra
 10651 | Lair:1   | Entered Level 1 of the Lair of Beasts
 11049 | Lair:1   | Reached skill level 10 in Dodging
 11396 | Lair:1   | Got a spiked ring mail
 11794 | Lair:1   | Upgraded the game from 0.22-a0-845-g8bfc27d406 to 0.22-a0-855-g415d086bb8
 11843 | Lair:2   | Found a labyrinth entrance.
 11976 | Lab      | Entered a labyrinth
 12069 | Lab      | Received a gift from Trog
 12335 | Lab      | Noticed a minotaur
 12355 | Lab      | Killed a minotaur
 12357 | Lab      | Got a crude short sword {venom}
 12357 | Lab      | Got an encrusted plate armour
 12628 | Lab      | Identified the Papyrus of Hexes
 12631 | Lab      | Identified the Reference Book on Enhancements
 12633 | Lab      | Identified the Guide on Dislocation
 12653 | Lair:2   | Identified the +2 plate armour of Creativity {rCorr} (You took it off a minotaur in a labyrinth)
 12663 | Lair:2   | Identified the +0 ring mail of Nekhlureh {rN+} (You found it on level 1 of the Lair of Beasts)
 12673 | Lair:2   | Identified the +8 short sword "Loigoliz" {venom, +Rage rElec rF- Str+6} (You took it off a minotaur in a labyrinth)
 12674 | Lair:2   | Identified the +10 dagger "Concordance" {vamp, +Blink rPois MR-} (You found it on level 4 of the Dungeon)
 13550 | Lair:3   | Noticed Snorg
 14988 | Lair:4   | Reached XP level 13. HP: 116/122 MP: 4/12
 14989 | Lair:4   | Reached skill level 15 in Polearms
 15137 | Lair:4   | Found a staircase to the Snake Pit.
 15724 | Lair:4   | Found a staircase to the Shoals.
 17052 | Lair:5   | Noticed Rupert
 17080 | Lair:5   | Killed Rupert
 17307 | Lair:6   | Entered Level 6 of the Lair of Beasts
 17679 | Lair:6   | Received a gift from Trog
 18071 | Lair:6   | Paralysed by a hornet for 1 turns
 18108 | Lair:6   | Reached XP level 14. HP: 109/133 MP: 4/13
 18279 | Lair:6   | Reached skill level 1 in Evocations
 18531 | Lair:6   | Got a translucent battleaxe
 18532 | Lair:6   | Identified the cursed +2 battleaxe "Ycewut" {distort, rPois rN+} (You found it on level 6 of the Lair of Beasts)
 18745 | Lair:6   | Reached skill level 15 in Fighting
 19161 | Lair:6   | Received a gift from Trog
 19655 | Orc:1    | Entered Level 1 of the Orcish Mines
 19811 | Orc:1    | Noticed Erolcha
 19829 | Orc:1    | Paralysed by Erolcha for 2 turns
 19839 | Orc:1    | Killed Erolcha
 20068 | Orc:2    | Entered Level 2 of the Orcish Mines
 20075 | Orc:2    | Reached skill level 15 in Armour
 20107 | Orc:2    | Reached ****** piety under Trog
 20120 | Orc:2    | Received a gift from Trog
 20159 | Orc:2    | Found Ihoeh's Weapon Emporium.
 21658 | Orc:1    | Noticed Maurice
 21891 | Orc:2    | Killed Maurice
 21980 | Orc:2    | Found a staircase to the Elven Halls.
 23042 | Orc:2    | Found Noustryh's General Store.
 23042 | Orc:2    | Found Tyosof Imat's Weapon Shop.
 23044 | Orc:2    | Found Pyeclew's Weapon Boutique.
 23046 | Orc:2    | Found Liatwine's Antique Armour Emporium.
 23656 | D:12     | Received a gift from Trog
 25048 | D:13     | Reached XP level 15. HP: 119/144 MP: 5/16
 25854 | D:14     | Found a snail-covered altar of Cheibriados.
 25980 | D:14     | Found a gate to the Vaults.
 26369 | D:15     | Entered Level 15 of the Dungeon
 27100 | D:15     | Found Emapruc's Armour Boutique.
 27159 | D:15     | Received a gift from Trog
 27329 | D:15     | Found a staircase to the Depths.
 27820 | Shoals:1 | Entered Level 1 of the Shoals
 27855 | Shoals:1 | Reached skill level 5 in Evocations
 28290 | Shoals:1 | Noticed Roxanne
 29581 | Shoals:2 | Found Yladilam's Jewellery Emporium.
 30583 | Shoals:2 | Found a runed gate.
 30584 | Shoals:2 | Found a runed gate.
 30584 | Shoals:2 | Noticed Vocolai's ghost (journeyman DrCj)
 30592 | Shoals:2 | Found a runed gate.
 30718 | Shoals:2 | Reached XP level 16. HP: 133/155 MP: 19/19
 31158 | Shoals:2 | Received a gift from Trog
 32064 | Shoals:3 | Found a runed gate.
 32064 | Shoals:3 | Found a runed gate.
 32136 | Shoals:3 | Found a runed gate.
 32141 | Shoals:3 | Noticed Yshroh's ghost (journeyman HaHu)
 32142 | Shoals:3 | Noticed Qigyucag's ghost (adept MiBe)
 32142 | Shoals:3 | Noticed jehirs's ghost (journeyman MfSu)
 32459 | Shoals:3 | Noticed Donald
 32666 | Shoals:3 | Killed Donald
 33221 | Shoals:4 | Entered Level 4 of the Shoals
 33895 | Shoals:4 | Got a pair of brightly glowing boots
 33902 | Shoals:4 | Identified the +2 pair of boots of Narcissism {rElec rN++ MR-} (You found it on level 4 of the Shoals)
 34651 | Shoals:4 | Noticed Ilsuiw
 35732 | Shoals:4 | Received a gift from Trog
 35898 | Shoals:4 | Killed Ilsuiw
 36732 | Shoals:4 | Noticed a kraken
 36892 | Shoals:4 | Killed a kraken
 36910 | Shoals:4 | Got a barnacled rune of Zot
 37386 | Snake:1  | Entered Level 1 of the Snake Pit
 38060 | Snake:1  | Reached XP level 17. HP: 108/166 MP: 21/21
 38651 | Snake:1  | Noticed Azrael
 38666 | Snake:1  | Killed Azrael
 38666 | Snake:1  | Received a gift from Trog
 39102 | Snake:2  | Noticed Vashnia
 39851 | Snake:2  | Killed Vashnia
 40179 | Snake:2  | Noticed Aizul
 40200 | Snake:2  | Killed Aizul
 40332 | Snake:2  | Noticed Agnes
 40343 | Snake:2  | Killed Agnes
 40899 | Snake:2  | Got a jewelled hunting sling
 40909 | Snake:1  | Identified the +8 hunting sling "Unodwuil" {flame, rF+ rC+} (You took it off Agnes on level 2 of the Snake Pit)
 42025 | Snake:3  | Noticed Jorgrun
 42041 | Snake:3  | Killed Jorgrun
 42041 | Snake:3  | Received a gift from Trog
 42935 | Snake:4  | Entered Level 4 of the Snake Pit
 43937 | Snake:4  | Noticed Kirke
 43989 | Snake:4  | Killed Kirke
 43989 | Snake:4  | Received a gift from Trog
 43995 | Snake:4  | Reached XP level 18. HP: 90/176 MP: 23/23
 45329 | Snake:4  | Got a serpentine rune of Zot
 45542 | Lair:4   | Upgraded the game from 0.22-a0-855-g415d086bb8 to 0.22-a0-866-geee50340df
 45740 | Vaults:1 | Entered Level 1 of the Vaults
 46097 | Vaults:1 | Received a gift from Trog
 47686 | Vaults:1 | Found Cizoxt's Magic Scroll Emporium.
 47694 | Vaults:1 | Bought a scroll of noise for 13 gold pieces
 47835 | Vaults:2 | Received a gift from Trog
 48247 | Vaults:2 | Received a gift from Trog
 48778 | Vaults:2 | Reached XP level 19. HP: 157/187 MP: 24/24
 48874 | Vaults:2 | Paralysed by a great orb of eyes for 5 turns
 50130 | Vaults:3 | Noticed a bone dragon
 50141 | Vaults:3 | Killed a bone dragon
 50142 | Vaults:3 | Found a staircase to the Crypt.
 50178 | Vaults:3 | Received a gift from Trog
 51135 | Vaults:3 | Received a gift from Trog
 51579 | Vaults:3 | Noticed a Tzitzimitl
 51861 | Vaults:3 | Received a gift from Trog
 52295 | Vaults:3 | Reached XP level 20. HP: 164/200 MP: 25/25
 52967 | Vaults:4 | Received a gift from Trog
 53449 | Vaults:4 | Got a spiked ring mail
 53460 | Vaults:4 | Identified the +5 ring mail "Rim Wog" {rPois rN+ MR+ Slay+3} (You took it off an orc knight on level 4 of the Vaults)
 53472 | Vaults:4 | Received a gift from Trog
 53885 | Vaults:4 | Reached skill level 10 in Evocations
 54740 | Vaults:4 | Found Lapruj's Food Shop.
 54749 | Vaults:4 | Found a portal to a secret trove of treasure.
 56114 | D:11     | Received a gift from Trog
 56118 | D:11     | Killed Fandomethor's ghost
 56414 | D:11     | Got a crystal spear
 56415 | D:11     | Identified the +1 spear of the Yoke {pain, +Rage rF+} (You found it on level 11 of the Dungeon)
 56558 | Elf:1    | Entered Level 1 of the Elven Halls
 56827 | Elf:1    | Got a scintillating crystal amulet
 56855 | Elf:1    | Cast into level 2 of the Abyss (trident of distortion)
 56926 | Abyss:2  | Identified the amulet of Naleigat {+Rage Int+10} (You found it on level 1 of the Elven Halls)
 56938 | Abyss:2  | Killed from afar by a hellephant

Vault maps used:
D:1:      giann_wishing_wells
D:2:      kennysheep_the_goblin_king, nicolae_overflow_crystal_walls,
          first_ration
D:3:      grunt_qazlal_sundering, uniq_sigmund
D:4:      kennysheep_big_empty_room
D:5:      nicolae_ru_great_annihilating_truth, uniq_grinder, uniq_edmund,
          uniq_pikel
D:6:      trog_eyes_of_draining, serial_shops, shop_fountains, minivault_14,
          minmay_misc_feat_hallway
D:7:      minmay_temple_entry_statues, basic_altar, grunt_ogre_cave,
          item_on_display_b, uniq_joseph
D:9:      chequers_temple_overflow_statue_of_worship, orc_0_dummy
D:10:     dpeg_lair_monsters, serial_park_tiny_1
D:11:     serial_glass, glass_columns_a, glass_columns_a, glass_columns_c,
          glass_columns_a, muffindrake_ghost_dual_entry
D:14:     david_vaults_5, cheibriados_altar_1, lemuel_flamethrower_3
D:15:     grunt_enter_depths_hoard, chequers_big_river, serial_shops,
          shop_statue
Lair:1:   serial_forest, infiniplex_forest_clump_curved,
          infiniplex_forest_lined_room_2, infiniplex_forest_clump_curved,
          infiniplex_forest_lined_2, infiniplex_forest_lined_corner,
          infiniplex_forest_lined_room_
Lair:2:   lab_entry_generic
Lair:3:   grunt_megastairs_5, uniq_snorg
Lair:4:   elwin_shoals_entry_stream, minmay_snake_entry_six_corridors,
          st_stairs_7, kilobyte_rumbling_trees
Lair:5:   minmay_slime_entry_oklob_enclosed, uniq_rupert
Lair:6:   minmay_lair_end_enchanted_forest, eino_house_with_fridge
Shoals:1: uniq_roxanne
Shoals:2: ebering_ghost_davey_jones, nicolae_shoals_c_island
Shoals:3: gammafunk_ghost_cemetery, uniq_donald
Shoals:4: shoals_end_hangedman, shoals_ilsuiw_alternative,
          nicolae_shoals_arrival_archipelago
Snake:1:  st_stairs_12, nicolae_snake_lava_pool, lemuel_fruit_tree, uniq_azrael
Snake:2:  serial_bayou_lake_a, uniq_aizul, uniq_vashnia, uniq_agnes
Snake:3:  special_room, spider_trap, st_stairs_7, uniq_jorgrun
Snake:4:  snake_pit, grunt_ministairs_3, uniq_kirke
Orc:1:    uniq_erolcha, uniq_maurice
Orc:2:    st_orc_rangers, serial_shops,
          nicolae_shop_temple_entry_statues_fountains, library_closet
Elf:1:    hangedman_elf_represent
Vaults:1: vaults_dpeg_hooks, nicolae_vaults_network_s,
          ontoclasm_vaults_decontamination, nicolae_vaults_little_squares_6,
          vaults_mumra_minichess, ontoclasm_vaults_spin,
          nicolae_vaults_an_arrangement, vaults_room_pool, v_misc_26,
          grunt_vaults_diagonal, v_misc_27, serial_shops,
          nicolae_shop_waterfront
Vaults:2: vaults_room_stairs_pillars, v_misc_4, v_misc_18, vaults_mumra_hexcomb,
          ontoclasm_vaults_shuriken, st_quartered_hall, v_misc_19, v_rooms_1,
          ontoclasm_vaults_tryst, vaults_room_hallway, vaults_dpeg_encased_lava
Vaults:3: nicolae_vaults_three_branches, nicolae_vaults_murderbox,
          minmay_crypt_entry_nasty_monster, nicolae_vaults_triangles,
          v_pattern_5, nicolae_vaults_circle_grid_a, hangedman_vaults_capsules,
          v_misc_4, v_misc_8, hangedman_vaults_snaps,
          nicolae_vaults_little_squares_5, grunt_vaults_hallway_short
Vaults:4: ontoclasm_vaults_idyll, dpeg_vaults_monster_box, v_alt_pattern_2,
          vaults_room_hallway, nicolae_vaults_c_with_doors, v_alt_pattern_1,
          hangedman_vaults_impose, vaults_room_large_hall,
          nicolae_vaults_network_star, vaults_standard_mumra_x,
          nicolae_vaults_rhombus_7, nicolae_vaults_alarming,
          nicolae_vaults_circle_grid_a, nicolae_trove_entry_path_of_doom,
          serial_shops, nicolae_shop_crystal
Lab:      nicolae_lab_dead_adventurers, nicolae_lab_plus, nicolae_lab_grate_2

Skill      XL: |  1  2  3  4  5  6  7  8  9 10 11 12 13 14 15 16 17 18 19 20 |
---------------+-------------------------------------------------------------+-----
Fighting       | 4 5 6 7 8 9 11 13 14 16 17 18 19 20 22 | 22.6
Polearms       | 4 5 6 8 10 11 12 13 14 16 17 18 19 20 21 | 21.0
Armour         | 3 4 6 7 8 9 11 13 14 15 17 18 19 20 21 22 | 22.4
Dodging        | 3 4 5 6 7 8 9 10 11 12 13 14 | 14.2
Evocations     | 3 5 7 8 9 11 | 11.0

Action                   |  1- 3 |  4- 6 |  7- 9 | 10-12 | 13-15 | 16-18 | 19-21 || total
-------------------------+-------+-------+-------+-------+-------+-------+-------++-------
Melee: Spear             |   137 |   185 |   358 |   529 |       |       |       ||  1209
       Headbutt          |    16 |    24 |    75 |   200 |   253 |   201 |   180 ||   949
       Glaive            |       |       |       |   318 |  1293 |  1431 |   838 ||  3880
       Short sword       |       |       |       |       |    12 |       |       ||    12
       Dagger            |       |       |       |       |       |       |     4 ||     4
Invok: Berserk           |       |       |     1 |     6 |     2 |     4 |     1 ||    14
Evoke: Wand              |       |       |       |       |     1 |     3 |       ||     4
  Use: Potion            |     2 |       |     1 |     5 |     1 |     5 |     1 ||    15
       Scroll            |       |       |     5 |     8 |     9 |    16 |     5 ||    43
 Stab: Paralysed         |       |       |     1 |       |       |       |       ||     1
       Distracted        |       |       |       |       |     1 |     1 |     1 ||     3
  Eat: Chunk             |     3 |     3 |     7 |    49 |    64 |    63 |    28 ||   217
       Ration            |       |       |     1 |     2 |       |       |       ||     3
Armor: Plate armour      |    65 |    58 |    73 |   292 |   551 |   597 |   160 ||  1796
       Ring mail         |       |       |       |       |       |       |    47 ||    47
Dodge: Dodged            |    43 |    43 |    69 |   324 |   671 |   619 |   249 ||  2018

Table legend:
 A = Spawn XP
 B = Non-spawn XP
 C = Spawn XP percentage of total XP
 D = Spawn monster count
 E = Non-spawn monster count
 F = Spawn count percentage of total count
 G = Total turns spent on level
                    A         B        C        D         E        F      G
               +---------+---------+-------+---------+---------+-------+---------
         Total |       8 |  564574 |   0.0 |       1 |    1441 |   0.1 | 56938
               +---------+---------+-------+---------+---------+-------+---------
           D:1 |       0 |      25 |   0.0 |       0 |      14 |   0.0 |   656
           D:2 |       0 |      69 |   0.0 |       0 |      20 |   0.0 |  1046
           D:3 |       0 |     348 |   0.0 |       0 |      27 |   0.0 |   473
           D:4 |       0 |     266 |   0.0 |       0 |      20 |   0.0 |  1066
           D:5 |       0 |    1887 |   0.0 |       0 |      27 |   0.0 |  1377
           D:6 |       0 |    2515 |   0.0 |       0 |      27 |   0.0 |   724
           D:7 |       0 |    1734 |   0.0 |       0 |      34 |   0.0 |   830
           D:8 |       0 |    1791 |   0.0 |       0 |      19 |   0.0 |   835
           D:9 |       0 |    4105 |   0.0 |       0 |      31 |   0.0 |  1159
          D:10 |       0 |    6053 |   0.0 |       0 |      17 |   0.0 |  1727
          D:11 |       0 |   16021 |   0.0 |       0 |      66 |   0.0 |  1796
          D:12 |       0 |    5287 |   0.0 |       0 |      27 |   0.0 |  1336
          D:13 |       0 |   10580 |   0.0 |       0 |      39 |   0.0 |  1200
          D:14 |       0 |    8593 |   0.0 |       0 |      27 |   0.0 |   930
          D:15 |       0 |   12283 |   0.0 |       0 |      43 |   0.0 |  1195
        Lair:1 |       0 |    4080 |   0.0 |       0 |      20 |   0.0 |  1389
        Lair:2 |       0 |    6105 |   0.0 |       0 |      22 |   0.0 |  1664
        Lair:3 |       0 |    1918 |   0.0 |       0 |       6 |   0.0 |  1159
        Lair:4 |       0 |   11894 |   0.0 |       0 |      51 |   0.0 |  2632
        Lair:5 |       0 |    7634 |   0.0 |       0 |      23 |   0.0 |  1178
        Lair:6 |       0 |   22102 |   0.0 |       0 |      92 |   0.0 |  2106
      Shoals:1 |       0 |   11088 |   0.0 |       0 |      27 |   0.0 |  1251
      Shoals:2 |       0 |   22039 |   0.0 |       0 |      43 |   0.0 |  2775
      Shoals:3 |       0 |   13042 |   0.0 |       0 |      27 |   0.0 |  1868
      Shoals:4 |       0 |   31708 |   0.0 |       0 |      42 |   0.0 |  2656
       Snake:1 |       0 |   20161 |   0.0 |       0 |      49 |   0.0 |  2066
       Snake:2 |       0 |   22659 |   0.0 |       0 |      34 |   0.0 |  1713
       Snake:3 |       0 |   12827 |   0.0 |       0 |      15 |   0.0 |  1729
       Snake:4 |       0 |   42799 |   0.0 |       0 |      67 |   0.0 |  2188
         Orc:1 |       0 |    6180 |   0.0 |       0 |      43 |   0.0 |  2116
         Orc:2 |       0 |    8142 |   0.0 |       0 |      66 |   0.0 |  1316
         Elf:1 |       0 |   10457 |   0.0 |       0 |      15 |   0.0 |   297
      Vaults:1 |       0 |   42897 |   0.0 |       0 |      79 |   0.0 |  2128
      Vaults:2 |       0 |   62492 |   0.0 |       0 |     101 |   0.0 |  2290
      Vaults:3 |       0 |   71259 |   0.0 |       0 |      99 |   0.0 |  3488
      Vaults:4 |       0 |   58783 |   0.0 |       0 |      76 |   0.0 |  1830
       Abyss:2 |       8 |     791 |   1.0 |       1 |       1 |  50.0 |    83
           Lab |       0 |    1960 |   0.0 |       0 |       5 |   0.0 |   666
               +---------+---------+-------+---------+---------+-------+---------
